 Dungeon Crawl Stone Soup version 0.30-a0-1016-gfb0d676c02 (webtiles) character file.

Game seed: 16667680285157183746

34 Juicyj the Covered (level 3, 33/33 HPs)
             Began as a Minotaur Fighter on Apr 6, 2023.
             Quit the game on level 1 of the Dungeon.
             The game lasted 00:03:09 (643 turns).

Juicyj the Covered (Minotaur Fighter)                Turns: 643, Time: 00:03:10

Health: 33/33      AC:  7    Str: 22    XL:     3   Next: 14%
Magic:  2/2        EV:  9    Int:  5    God:
Gold:   73         SH:  4    Dex:  9    Spells: 2/2 levels left

rFire   . . .      SeeInvis .    a - +0 war axe
rCold   . . .      Faith    .    c - +0 buckler
rNeg    . . .      Spirit   .    b - +0 scale mail
rPois   .          Reflect  .    (helmet restricted)
rElec   .          Rampage  .    (no cloak)
rCorr   .                        (no gloves)
Will    .....                    (no boots) Stlth
                                 (no amulet)
HPRegen 0.25/turn                (no ring)
MPRegen 0.08/turn                (no ring)

@: no status effects
A: horns 2, retaliatory headbutt
a: no special abilities


You were on level 1 of the Dungeon.
You visited 1 branch of the dungeon, and saw 1 of its levels.

You collected 73 gold pieces.

Inventory:

Hand Weapons
 a - a +0 war axe (weapon)
Armour
 b - a +0 scale mail (worn)
 c - a +0 buckler (worn)
 i - a +0 cloak
Jewellery
 e - a ring of protection from fire
Scrolls
 f - 2 scrolls of identify {unknown}
 h - a scroll of enchant armour {unknown}
Potions
 d - a potion of might
 g - a potion of ambrosia {unknown}
 j - 2 potions of brilliance {unknown}
 k - a potion of mutation {unknown}
 l - a potion of haste {unknown}


   Skills:
 + Level 4.1 Fighting
 + Level 3.1 Axes
 + Level 4.1 Armour
 + Level 4.0 Shields


You had 2 spell levels left.
You didn't know any spells.
Your spell library contained the following spells:

 Spells                   Type           Power      Damage    Failure   Level
 Stone Arrow              Conj/Erth      0%         3d7       99%         3
 Animate Armour           Summ/Erth      0%         N/A       100%        4
 Lehudib's Crystal Spear  Conj/Erth      0%         10d2      100%        8


Dungeon Overview and Level Annotations

Branches:
Dungeon (1/15)

Altars:


Innate Abilities, Weirdness & Mutations

You have a pair of horns on your head.
You reflexively headbutt those who attack you in melee.


Message History

You kill the endoplasm!
A quokka is nearby!
You barely miss the quokka. You block the quokka's attack.
The quokka closely misses you.
You hit the quokka.
The quokka is almost dead.
You block the quokka's attack. The quokka barely misses you.
A quokka is nearby!
You closely miss the quokka. You headbutt the quokka.
You kill the quokka!
No target in view!
You see here a quokka corpse.
You see here a +0 falchion.
You see here a +0 falchion.
A rat comes into view.
A rat is nearby!
A rat is nearby!
The rat barely misses you.
You slash the rat!
You kill the rat!
A rat comes into view.
A rat is nearby!
The rat misses you.
A rat is nearby!
You barely miss the rat. You headbutt the rat.
You kill the rat!
No target in view!
A hobgoblin comes into view.
The hobgoblin shouts!
You block the hobgoblin's attack.
A hobgoblin is nearby!
You slash the hobgoblin!
You kill the hobgoblin!
l - a red potion No target in view!
No target in view!
You open the door.
A bat comes into view.
The bat hits you but does no damage.
Are you sure you want to abandon this character and quit the game? (Confirm with "yes".)

...######.## #.#.#.###.#.#
##'##......# ....#
#.#..#...##.# ...........#
...# #.##.#####.##
...........## ...#
##.##.....## # .......>......
?.# ####### ## ..#.#......##.
..# . ##. ....+......#...#.#
..#######+#..
...##......#...#.#
#........†...
.....#######...'@#
##.##...##. ##.#.# #...#b#
#.....####. ...#.# #.. #.#
#.###.#.... ####.# ## #.#
####.#......## #..#.# ###.#
#....)†#.#### ...#.#####
#...# #.#.##.#.# #.##.....#
#.### #...#.##.#
#.######.#####.#########....#
#.....##.......#...# #.##.#


You could see a bat.

Vanquished Creatures
  A dart slug (D:1)
  2 bats (D:1)
  8 endoplasms (D:1)
  2 giant cockroaches (D:1)
  A goblin (D:1)
  4 hobgoblins (D:1)
  A quokka (D:1)
  3 ball pythons (D:1)
  5 rats (D:1)
27 creatures vanquished.

Notes
Turn   | Place    | Note
-------+----------+-------------------------------------------
     0 | D:1      | Juicyj the Minotaur Fighter began the quest for the Orb.
     0 | D:1      | Reached XP level 1. HP: 19/19 MP: 0/0
   206 | D:1      | Reached XP level 2. HP: 27/27 MP: 1/1
   524 | D:1      | Reached XP level 3. HP: 29/33 MP: 2/2
   643 | D:1      | Quit the game

Illustrated notes

Levels and vault maps discovered:
D:1:      evilmike_arrival_rings, layout_basic

Skill      XL: |  1  2 |
---------------+-------+-----
Fighting       | 4 |  4.1
Armour         | 4 |  4.1
Axes           | 3 |  3.1
Shields        | 4 |  4.0

Action                     || total
---------------------------++-------
  Melee: War axe           ||    51
         Headbutt          ||     4
 Armour: Scale mail        ||    28
  Dodge: Dodged            ||    21
  Block: Buckler           ||     9

Table legend: (Time is in decaauts)
 A = Elapsed time spent in this place.
 B = Non-inter-level travel time spent in this place.
 C = Inter-level travel time spent in this place.
 D = Time resting spent in this place.
 E = Time spent auto-exploring this place.
 F = Levels seen in this place.
 G = Mean time per level.
                   A        B        C        D        E       F      G
               +--------+--------+--------+--------+--------+-----+--------+
         Total |    663 |    663 |      0 |      0 |    493 |   1 |  663.0 |
       Dungeon |    663 |    663 |      0 |      0 |    493 |   1 |  663.0 |
               +--------+--------+--------+--------+--------+-----+--------+

Top non-repeatable levels by time:
     D:1: 663 daAuts
